 Dungeon Crawl Stone Soup version 0.29.1-13-g9f3cf754e1 (webtiles) character file.

Game seed: 4137790265043136668

94 nshep25 the Covered (level 4, 0/38 (40) HPs)
             Began as a Minotaur Fighter on Feb 1, 2023.
             Slain by Crazy Yiuf
             ... wielding a +4 quarterstaff of chaos
              (3 damage)
             ... on level 2 of the Dungeon.
             The game lasted 00:02:40 (1547 turns).

nshep25 the Covered (Minotaur Fighter)              Turns: 1547, Time: 00:02:41

HP:   0/38 (40)     AC:  8    Str: 23    XL:     4   Next: 38%
MP:   3/3           EV:  9    Int:  5    God:
Gold: 82            SH:  4    Dex:  9    Spells: 3/3 levels left

rFire   . . .      SeeInvis .   a - +0 war axe
rCold   . . .      Faith    .   c - +0 buckler
rNeg    . . .      Spirit   .   b - +0 scale mail
rPois   .          Reflect  .   (helmet restricted)
rElec   .          Harm     .   (no cloak)
rCorr   .          Rampage  .   (no gloves)
Will    .....                   m - +0 pair of boots
Stlth   ..........              (no amulet)
HPRegen 0.12/turn               (no ring)
MPRegen 0.08/turn               (no ring)

@: lethally poisoned (0 -> -18), drained
A: horns 2, retaliatory headbutt
a: no special abilities


You were on level 2 of the Dungeon.
You visited 1 branch of the dungeon, and saw 2 of its levels.

You collected 82 gold pieces.

Inventory:

Hand Weapons
 a - a +0 war axe (weapon)
Armour
 b - a +0 scale mail (worn)
 c - a +0 buckler (worn)
 m - a +0 pair of boots (worn)
Scrolls
 g - a scroll of enchant weapon {unknown}
 i - 2 scrolls of identify
 l - a scroll of butterflies {unknown}
Potions
 d - a potion of might
 e - 2 potions of attraction {unknown}
 f - a potion of cancellation {unknown}
 h - 2 potions of flight
 j - a potion of heal wounds
 k - a potion of invisibility {unknown}
 n - a potion of mutation {unknown}


   Skills:
 + Level 4.2 Fighting
 + Level 3.8 Axes
 + Level 4.6 Armour
 + Level 0.3 Dodging
 + Level 0.1 Stealth
 + Level 4.1 Shields


You had 3 spell levels left.
You didn't know any spells.
Your spell library was empty.

Dungeon Overview and Level Annotations

Branches:
Dungeon (2/15)

Altars:
Fedhas

Annotations:
D:2 Crazy Yiuf


Innate Abilities, Weirdness & Mutations

You have a pair of horns on your head.
You reflexively headbutt those who attack you in melee.


Message History

Items here: ) [ ††.
Okay, then.
Found a pair of boots.
You see here a +0 pair of boots.
m - a +0 pair of boots You start putting on your armour.
You continue putting on your +0 pair of boots. x4
You finish putting on your +0 pair of boots.
You open the door.
There is an open door here.
i - 2 scrolls of identify (gained 1)
Things that are here:
a +0 whip; a kobold skeleton
n - an emerald potion
Found a hammer.
Found a runed translucent door.
Crazy Yiuf shouts!
Crazy Yiuf laughs, "Liver!
Ten testudinal action."
You open the door. You barely miss Crazy Yiuf.
Crazy Yiuf hits you with a +4 quarterstaff of chaos!
You feel drained. Crazy Yiuf hits you but does no damage.
You are poisoned.
You hit Crazy Yiuf.
Crazy Yiuf is lightly wounded.
You feel sick.
Crazy Yiuf hits you with a +4 quarterstaff of chaos.
You hit Crazy Yiuf. Your headbutt misses Crazy Yiuf.
Crazy Yiuf is moderately wounded.
You feel sick.
Crazy Yiuf yells, "Cards!
Sif Muna canine tired."
Crazy Yiuf hits you with a +4 quarterstaff of chaos.
You hit Crazy Yiuf. You headbutt Crazy Yiuf!
Crazy Yiuf is severely wounded.
You feel sick.
Crazy Yiuf hits you with a +4 quarterstaff of chaos!
* * * LOW HITPOINT WARNING * * *
You are lethally poisoned!
Crazy Yiuf whimpers, "Goober mobile infinity!"
Crazy Yiuf hits you with a +4 quarterstaff of chaos.
You die...

#....#####.#
#....# #.#
♣P..P♣ #.#
♣..P♣♣ #.#
♣♣.♣♣
##.#######
♣.♣♣
#........##
♣♣.♣
#.........#
♣.♣♣
#.........##
♣♣@♣
#.........##
#g#
#......).)##
...
#....#'##...
#...#
#......#####
#..)#
#.(.##.#####
#####
####........
#......##
##.....## #
#..÷.....


You could see Crazy Yiuf.

Vanquished Creatures
  Terence (D:2)
  3 adders (D:2)
  3 dart slugs
  2 worms (D:2)
  6 bats (D:1)
  An endoplasm (D:2)
  2 giant cockroaches
  2 goblins
  2 hobgoblins (D:1)
  A ball python (D:2)
  A frilled lizard (D:2)
  4 kobolds
  4 rats
32 creatures vanquished.

Notes
Turn   | Place    | Note
-------+----------+-------------------------------------------
     0 | D:1      | nshep25 the Minotaur Fighter began the quest for the Orb.
     0 | D:1      | Reached XP level 1. HP: 19/19 MP: 0/0
    56 | D:1      | Reached XP level 2. HP: 27/27 MP: 1/1
   535 | D:1      | Found a blossoming altar of Fedhas.
   713 | D:2      | Reached XP level 3. HP: 25/33 MP: 2/2
   875 | D:2      | Identified the +7 rapier of Responsibility {antimagic, Fly
                  | Str-4 Int+4}
   960 | D:2      | HP: 1/33 [poisoned by an adder]
  1285 | D:2      | Noticed Terence
  1291 | D:2      | Killed Terence
  1292 | D:2      | Reached XP level 4. HP: 23/40 MP: 3/3
  1539 | D:2      | Found a runed translucent door.
  1540 | D:2      | Noticed Crazy Yiuf
  1547 | D:2      | Slain by Crazy Yiuf

Illustrated notes

Levels and vault maps discovered:
D:1:      dpeg_arrival_lava_altar, layout_rooms, grunt_decor_mini_mirrors,
          serial_bayou_pond_d
D:2:      layout_basic, uniq_terence, uniq_crazy_yiuf_cottage

Skill      XL: |  1  2  3 |
---------------+----------+-----
Armour         | 4 |  4.6
Shields        | 4 |  4.1
Axes           | 3 |  3.8
Fighting       | 4 |  4.2
Dodging        | |  0.3
Stealth        | |  0.1

Action                   |  1- 3 |  4- 6 || total
-------------------------+-------+-------++-------
Melee: War axe           |    65 |     8 ||    73
       Headbutt          |    12 |     1 ||    13
  Use: Scroll            |     2 |       ||     2
       Potion            |     1 |       ||     1
Armor: Scale mail        |    50 |     2 ||    52
Dodge: Dodged            |    37 |     1 ||    38
Block: Buckler           |    15 |       ||    15
